 Dungeon Crawl Stone Soup version 0.31-a0-986-g5e6e4ef867 (webtiles) character file.

Game seed: 8561175419769125138

11 Xavori the Trooper (level 2, 0/25 HPs)
             Began as a Djinni Chaos Knight on Nov 6, 2023.
             Was a Plaything of Xom.
             Slain by a gnoll
             ... wielding a +0 spear
              (5 damage)
             ... on level 1 of the Dungeon.
             The game lasted 00:00:07 (114 turns).

Xavori the Trooper (Djinni Chaos Knight)             Turns: 114, Time: 00:00:08

Health: 0/25       AC:  5    Str: 11    XL:     2   Next: 35%
Gold:   19         EV: 11    Int: 13    God:    Xom [..*...] SH:  0 Dex: 12

rFire   + + .        a - +0 falchion (chaos)
rCold   x . .        (no shield)
rNeg    . . .        b - +2 leather armour
rPois   ∞            (no helmet)
rElec   .            (no cloak)
rCorr   .            (no gloves)
SInv    .            (boots unavailable)
Will    .....        (no amulet)
Stlth   +            (no ring)
HPRegen 0.24/turn    (no ring)
MPRegen 0.00/turn

%: infuse magic (-1 HP)
@: mighty, flying
A: sickness immunity, fire resistance 2, cold vulnerability 1, float, innate
caster, HP casting, extra vitality 1
a: Renounce Religion


You were on level 1 of the Dungeon.
You worshipped Xom.
You were a toy of Xom.
You visited 1 branch of the dungeon, and saw 1 of its levels.

You collected 19 gold pieces.

Inventory:

Hand Weapons
 a - a +0 falchion of chaos (weapon)
Armour
 b - a +2 leather armour (worn)
Scrolls
 c - a scroll of butterflies
 d - a scroll of enchant armour {unknown}


   Skills:
 + Level 3.1 Fighting
 + Level 2.8 Long Blades
 + Level 1.2 Armour
 + Level 2.3 Dodging
 * Level 0.4 Spellcasting
 * Level 0.4 Conjurations
 * Level 0.4 Hexes
   Level 0.0 Charms
 * Level 0.4 Summonings
 * Level 0.4 Necromancy
 * Level 0.4 Translocations
 * Level 0.4 Transmutations
 * Level 0.4 Fire Magic
 * Level 0.4 Ice Magic
 * Level 0.4 Air Magic
 * Level 0.4 Earth Magic
 * Level 0.4 Poison Magic You didn't know any spells. Your spell library was empty.

Dungeon Overview and Level Annotations

Branches:
Dungeon (1/15)

Altars:


Innate Abilities, Weirdness & Mutations

You are immune to sickness and miasma.
You are immune to poison.
Your flesh is very heat resistant. (rF++)
You are vulnerable to cold. (rC-)
You float through the air rather than walking.
You learn spells naturally, not from books.
Your magical power is your life essence.
You have superior vitality. (+4 MHP)


Message History

The gnoll shouts! x2
Xom grants you a minor favour.
You feel very mighty all of a sudden.
A bat comes into view.
A rat comes into view.
Found a ring mail.
The gnoll hits you from afar with a +0 spear.
The bat barely misses you.
There is an open door here.
There are monsters nearby!
You slash the gnoll!
The gnoll suddenly seems more agile.
Xom is highly amused!
The gnoll is almost dead.
The bat hits you but does no damage. The gnoll barely misses you.
The gnoll hits you with a +0 flail.
There are monsters nearby!
You barely miss the gnoll.
The gnoll is almost dead.
The bat closely misses you.
The gnoll hits you from afar with a +0 spear.
* * * LOW HITPOINT WARNING * * *
The gnoll barely misses you.
There are monsters nearby!
You are too injured to fight recklessly!
You are too injured to fight recklessly!
You slash the gnoll!
You kill the gnoll!
The bat barely misses you. The gnoll completely misses you.
The bat hits you but does no damage.
The gnoll hits you from afar with a +0 spear.
* * * LOW HITPOINT WARNING * * *
You have reached level 2!
The bat hits you.
* * * LOW HITPOINT WARNING * * *
The bat hits you but does no damage. The bat closely misses you.
The bat hits you.
* * * LOW HITPOINT WARNING * * *
The bat hits you but does no damage.
The gnoll hits you from afar with a +0 spear.
You die...

#... ...# #####.#########
#... ...#.######.#########
+...♣...+...)....##.......
#.......########.....>####
#[...r..# ###..#.....
#..g).# ###.######. ##'#
#####...#
#..#######.....###
#.#r.gb@...#####
#.#.######## #...# #..##
###


You could see a gnoll, a bat and a rat.

Vanquished Creatures
  A gnoll (D:1)
  A goblin (D:1)
2 creatures vanquished.

Notes
Turn   | Place    | Note
-------+----------+-------------------------------------------
     0 | D:1      | Xavori the Djinni Chaos Knight began the quest for the Orb.
     0 | D:1      | Reached XP level 1. HP: 20/20 MP: 0/0
   102 | D:1      | XOM: potion effect (might)
   107 | D:1      | Reached XP level 2. HP: 6/25 MP: 0/0
   114 | D:1      | Slain by a gnoll

Illustrated notes

Levels and vault maps discovered:
D:1:      lemuel_arrival_room, layout_rooms,
          shapermc_ecumenical_altar_mp_ritualfount, kennysheep_flooded_box,
          serial_bayou_pond_e, minmay_tromino_i2

Action                     || total
---------------------------++-------
  Melee: Falchion          ||     5
 Armour: Leather armour    ||    13
  Dodge: Dodged            ||     7

Table legend: (Time is in decaauts)
 A = Elapsed time spent in this place.
 B = Non-inter-level travel time spent in this place.
 C = Inter-level travel time spent in this place.
 D = Time resting spent in this place.
 E = Time spent auto-exploring this place.
 F = Levels seen in this place.
 G = Mean time per level.
                   A        B        C        D        E       F      G
               +--------+--------+--------+--------+--------+-----+--------+
         Total |    115 |    115 |      0 |      0 |     94 |   1 |  115.0 |
       Dungeon |    115 |    115 |      0 |      0 |     94 |   1 |  115.0 |
               +--------+--------+--------+--------+--------+-----+--------+

Top non-repeatable levels by time:
     D:1: 115 daAuts
